Map: Ephemeron LE

Players

Special - Winner!

  • Race: Terran Terran
  • League: Master
  • Spawn Location: 11:00

BlyOnFire (Bly)

  • Race: Zerg Zerg
  • League: Grandmaster
  • Spawn Location: 5:00

Event: HomeStory Cup XX

VOD

Have the link to the VOD?

Description

Time

  • Played on: Nov. 22, 2019, 2:06 p.m.
  • Length: 10:34

All games in this series

Show
View Real Time Build Order
Export as new Build Order

Special Terran - Winner!

Build Orders: Liberator Opening, Reaper Expand 

Get SALT Encoding   

  12  0:00  SCV  
  13  0:13  SCV  
  14  0:17  Supply Depot  
  14  0:25  SCV  
  15  0:38  SCV  
  15  0:39  Barracks  
  16  0:43  Refinery  
  16  0:51  SCV  
  17  1:03  SCV  
  18  1:15  SCV  
  19  1:27  Orbital Command  
  19  1:28  Reaper  
  20  1:41  Command Center  
  20  1:51  Supply Depot  
  20  1:53  SCV  
  21  1:59  Marine  
  22  2:07  Factory  
  22  2:09  SCV  
  23  2:15  Refinery  
  23  2:21  SCV  
  23  2:22  Barracks Reactor  
  24  2:33  SCV  
  25  2:43  Orbital Command  
  25  2:45  SCV  
  26  2:52  Starport, Orbital Command  
  25  3:10  Hellion x2  
  25  3:12  SCV  
  30  3:13  Liberator  
  30  3:19  SCV  
  31  3:24  SCV  
  32  3:31  SCV  
  36  3:36  Hellion, SCV  
  39  3:42  Hellion  
  39  3:43  Barracks Tech Lab, SCV  
  39  3:48  SCV  
  43  3:49  Supply Depot  
  43  3:54  Bunker  
  42  3:58  Liberator  
  42  4:01  Marauder  
  44  4:05  Widow Mine  
  46  4:10  Supply Depot, SCV x2  
  46  4:11  Widow Mine  
  50  4:30  SCV  
  51  4:34  SCV  
  51  4:36  Stimpack  
  48  4:42  Command Center  
  48  4:44  Marine  
  49  4:47  SCV x2  
  49  4:52  Barracks  
  49  4:54  Factory Reactor  
  49  4:59  SCV  
  50  5:00  Starport Reactor  
  50  5:02  Marine, SCV  
  50  5:03  Barracks  
  52  5:10  Supply Depot  
  52  5:11  SCV  
  53  5:14  SCV  
  53  5:19  Marine, Engineering Bay  
  53  5:20  Engineering Bay  
  55  5:23  SCV  
  55  5:27  SCV  
  57  5:35  SCV  
  57  5:37  Marine  
  57  5:38  Factory Reactor  
  57  5:39  SCV  
  60  5:43  Supply Depot  
  60  5:45  Marine x2  
  60  5:46  Medivac x2  
  60  5:48  SCV  
  67  5:54  Terran Infantry Weapons Level 1  
  67  5:55  Orbital Command  
  67  5:56  Refinery  
  64  5:57  Refinery  
  64  5:59  Marine  
  64  6:01  SCV  
  64  6:02  Marine x2  
  64  6:03  Marine  
  64  6:04  SCV  
  70  6:11  Terran Infantry Armor Level 1  
  70  6:12  Marine, Missile Turret  
  70  6:16  Marine  
  72  6:19  Marine, SCV  
  72  6:20  Marine, Missile Turret  
  72  6:23  SCV  
  72  6:24  Orbital Command  
  74  6:28  Marine  
  74  6:30  Marine  
  76  6:33  Barracks x2, SCV  
  76  6:34  Missile Turret  
  76  6:35  Marine, SCV  
  76  6:37  Marine  
  76  6:39  Combat Shield  
  80  6:45  SCV  
  81  6:47  SCV  
  81  6:53  Marauder  
  86  6:57  SCV  
  86  6:59  Marine, SCV  
  87  7:02  Factory Tech Lab  
  87  7:03  Marine  
  87  7:04  Marine x2, Medivac  
  92  7:09  Supply Depot, SCV  
  92  7:11  Medivac, Supply Depot, SCV  
  92  7:15  Marauder  
  98  7:17  Marine  
  85  7:30  Siege Tank  
  85  7:34  Marine x5  
  85  7:36  Marine x2  
  86  7:37  Orbital Command  
  86  7:42  Supply Depot  
  85  7:48  Supply Depot, SCV  
  86  7:52  Marine x3  
  86  7:54  Marine x2  
  92  7:59  SCV  
  92  8:00  SCV  
  92  8:03  Barracks Tech Lab  
  92  8:04  Siege Tank  
  96  8:08  SCV  
  96  8:11  SCV  
  96  8:12  Missile Turret, SCV  
  99  8:15  Medivac  
  96  8:20  Marine, SCV  
  96  8:24  Marine, Marauder  
  92  8:30  SCV  
  92  8:31  Medivac  
  95  8:34  SCV x2  
  95  8:36  Siege Tank  
  95  8:40  Armory  
  99  8:42  SCV  
  97  8:51  SCV  
  97  8:52  Marine  
  97  8:53  Medivac  
  97  8:57  Marine x3  
  97  8:58  Marine x2  
  97  8:59  SCV  
  97  9:01  Medivac  
  104  9:03  Marine, Marauder  
  104  9:08  Siege Tank  
  110  9:10  Marine  
  110  9:15  Marine x3  
  110  9:16  Marine x2  
  116  9:20  SCV x2  
  116  9:21  Marauder, Sensor Tower  
  120  9:24  Marine  
  120  9:28  Marine  
  122  9:32  Marine  
  122  9:33  Marine x2  
  125  9:39  Marine x2  
  125  9:42  Marauder x2, SCV  
  125  9:43  SCV  
  133  9:49  Marine, Supply Depot  
  133  9:51  Marine x3  
  126  9:57  Marine x2  
  124  10:00  Medivac x2  
  124  10:03  Marine x2  
  130  10:07  Marine  
  130  10:11  Missile Turret  
  130  10:13  Marine, Command Center  
  132  10:15  Marine  
  137  10:22  Supply Depot  
  137  10:23  Supply Depot  
  137  10:26  Refinery x2  
Show
View Real Time Build Order
Export as new Build Order

BlyOnFire Zerg 

Build Orders: Hatch First 

Get SALT Encoding   

  12  0:01  Drone  
  13  0:14  Overlord  
  13  0:17  Drone  
  14  0:32  Drone x2  
  16  0:48  Hatchery  
  15  0:51  Drone  
  15  0:55  Drone  
  17  0:58  Drone  
  18  1:10  Extractor  
  17  1:14  Spawning Pool  
  17  1:17  Drone  
  17  1:20  Drone  
  18  1:29  Drone  
  19  1:40  Drone  
  20  1:55  Overlord  
  20  2:01  Queen x2  
  22  2:02  Zergling x4  
  26  2:13  Drone x2  
  28  2:24  Drone x2  
  29  2:33  Drone  
  29  2:34  Roach Warren  
  29  2:35  Drone  
  30  2:44  Drone  
  30  2:46  Drone  
  32  3:00  Overlord  
  31  3:06  Overlord  
  31  3:17  Roach x2  
  35  3:20  Roach x4  
  43  3:29  Roach  
  43  3:30  Overlord  
  45  3:35  Drone x2  
  46  3:43  Queen  
  46  3:44  Overlord  
  46  3:48  Drone x2  
  50  3:52  Drone x3  
  53  3:57  Drone x3  
  56  4:08  Overlord  
  56  4:13  Drone  
  56  4:15  Extractor  
  56  4:16  Extractor, Lair  
  55  4:21  Drone x2  
  51  4:36  Drone x5  
  50  4:38  Metabolic Boost  
  50  4:39  Extractor  
  49  4:46  Drone x2  
  49  4:47  Drone  
  49  4:48  Spore Crawler  
  49  4:49  Spore Crawler  
  49  4:52  Hatchery  
  49  5:00  Drone x2  
  51  5:11  Drone x3  
  54  5:14  Glial Reconstitution  
  54  5:16  Overlord  
  54  5:31  Overlord  
  52  5:45  Overlord  
  52  5:55  Overlord  
  52  5:56  Roach x10  
  72  6:01  Nydus Network  
  81  6:11  Roach x5  
  81  6:20  Roach  
  81  6:21  Roach x3  
  89  6:30  Overlord  
  89  6:36  Roach x4  
  97  6:41  Overlord  
  97  6:48  Nydus Canal  
  97  6:50  Roach x3  
  101  6:54  Tunneling Claws  
  101  6:55  Overlord  
  101  7:00  Burrow  
  101  7:03  Nydus Canal  
  101  7:05  Overseer  
  101  7:08  Overseer  
  101  7:13  Overlord  
  101  7:16  Roach x3  
  107  7:25  Roach x3  
  107  7:26  Nydus Canal  
  103  7:40  Roach  
  103  7:41  Roach x4  
  113  8:00  Ravager x4  
  113  8:01  Roach x4  
  125  8:07  Overlord x2, Roach x2  
  118  8:23  Roach x15  
  99  8:27  Roach x6  
  99  8:32  Roach  
  89  8:52  Roach x5  
  96  8:58  Roach  
  96  9:02  Overseer  
  98  9:04  Nydus Canal  
  98  9:21  Roach x7  
  112  9:30  Roach x19  
  112  9:31  Roach x7  
  112  9:32  Nydus Canal  
  112  9:36  Roach x18  
  112  9:46  Overlord  
  90  10:00  Roach x12  
  108  10:11  Roach x26  
  108  10:12  Drone x4  
  103  10:18  Drone  
Tags
 
Add a new tag
Caveats
  • Supply blocks, unpowered buildings, or Contaminate may cause inaccurate times.
  • Supply counts are checked every 10 seconds.